 Dungeon Crawl Stone Soup version 0.29.1-4-g47bece8355 (webtiles) character file.

Game seed: 370954154176475532

219 ChadusMaximus the Caller (level 6, -2/41 HPs)
             Began as a Human Summoner on Dec 8, 2022.
             Slain by Pikel
             ... wielding a +2 whip of flaming
              (6 damage)
             ... on level 3 of the Dungeon.
             The game lasted 00:06:40 (6133 turns).

ChadusMaximus the Caller (Human Summoner)           Turns: 6133, Time: 00:06:40

Health: -2/41      AC:  3    Str:  8    XL:     6   Next: 17%
Magic:  0/11       EV: 12    Int: 18    God:
Gold:   212        SH:  0    Dex: 13    Spells: 1/11 levels left

rFire   . . .      SeeInvis .   d - +0 trident
rCold   . . .      Faith    .   (no shield)
rNeg    . . .      Spirit   .   a - +0 robe
rPois   .          Reflect  .   (no helmet)
rElec   .          Harm     .   (no cloak)
rCorr   .          Rampage  .   (no gloves)
Will    .....                   o - +0 pair of boots
Stlth   ++........              (no amulet)
HPRegen 0.13/turn               (no ring)
MPRegen 0.12/turn               (no ring)

@: no status effects
A: no striking features
a: no special abilities


You were on level 3 of the Dungeon.
You visited 1 branch of the dungeon, and saw 4 of its levels.

You collected 212 gold pieces.

Inventory:

Hand Weapons
 c - a +0 short sword
 d - a +0 trident (weapon)
Missiles
 l - a throwing net
Armour
 a - a +0 robe (worn)
 o - a +0 pair of boots (worn)
Jewellery
 r - an amulet of magic regeneration
Wands
 u - a wand of charming (3)
Scrolls
 g - a scroll of fear
 h - a scroll of noise
 n - 3 scrolls of identify {unknown}
 p - 3 scrolls of teleportation {unknown}
 s - 2 scrolls of enchant weapon {unknown}
 v - a scroll of blinking {unknown}
Potions
 b - 2 potions of magic
 e - a potion of might {unknown}
 f - 3 potions of curing {unknown}
 i - a potion of flight {unknown}
 j - 2 potions of invisibility {unknown}
 k - a potion of heal wounds {unknown}
 m - a potion of lignification {unknown}
 q - a potion of mutation {unknown}
 t - a potion of attraction {unknown}


   Skills:
 - Level 2.1 Dodging
 - Level 2.1 Stealth
 + Level 3.4 Spellcasting
 * Level 6.0 Summonings


You had one spell level left.
You knew the following spells:

 Your Spells              Type           Power      Damage    Failure   Level
a - Summon Small Mammal   Summ           96%        N/A       1%          1
b - Call Canine Familiar  Summ           24%        N/A       3%          3
c - Call Imp              Summ           24%        N/A       1%          2
d - Summon Lightning Spi  Summ/Air       14%        N/A       41%         4

Your spell library contained the following spells:

 Spells                   Type           Power      Damage    Failure   Level
 Summon Guardian Golem    Hex/Summ       14%        N/A       14%         3
 Sublimation of Blood     Necr           3%         N/A       24%         2
 Petrify                  Tmut/Erth      3%         N/A       83%         4
 Irradiate                Conj/Tmut      1%         3d12      99%         5


Dungeon Overview and Level Annotations

Branches:
Dungeon (4/15)
 Temple: D:4-7

Altars:
Hepliaklqana
Makhleb

Annotations:
D:3 Pikel


Message History

There is a stone staircase leading down here.
Pikel barely misses you.
Casting: Call Canine Familiar (dangerous; 3% risk of failure)
Confirm with . or Enter, or press ? or * to list all spells.
Pikel hits you with a +2 whip of flaming.
Pikel burns you.
You hit Pikel.
Pikel is moderately wounded.
Your hound closely misses Pikel.
Pikel hits you with a +2 whip of flaming.
Pikel burns you.
Your hound bites Pikel but does no damage.
You hit Pikel.
Pikel is heavily wounded.
Your hound bites Pikel.
Pikel hits you with a +2 whip of flaming.
Pikel burns you.
Your hound barely misses Pikel.
Casting: Call Canine Familiar (dangerous; 3% risk of failure)
Confirm with . or Enter, or press ? or * to list all spells.
You don't have enough magic to cast this spell.
Casting: Call Canine Familiar (dangerous; 3% risk of failure)
Confirm with . or Enter, or press ? or * to list all spells.
Pikel says, "You'll burn in Gehenna!"
Pikel hits you with a +2 whip of flaming.
Pikel burns you.
Your hound misses Pikel. Pikel attacks as you move away!
Pikel hits you with a +2 whip of flaming!
* * * LOW HITPOINT WARNING * * *
Pikel burns you.
* * * LOW HITPOINT WARNING * * *
Your hound misses Pikel.
As you read the scroll of fear, it crumbles to dust.
You assume a fearsome visage.
Pikel looks frightened!
Pikel hits your quokka with a +2 whip of flaming.
Pikel burns your quokka.
Your quokka bites Pikel.
Your quokka's attack snaps Pikel out of his fear.
Unknown command.
Pikel attacks as you move away!
Pikel hits you with a +2 whip of flaming.
You die...

.###.#..........#....# .#
#.#.#.###....#..).# .# #.#.#.#
#....#....# .# #.#.#.#
#....#....#### .###.#.#.#
#............#
.....#.#.###.######.###.######
######.#..##.# #.# #......#
######.##....######.###..###.#
..).).<###...#.K@.#.....[..#.#
...##### #..h#.##.###.#.##.#.####
...# ###.#r##.#.#......#.....
...# #..h##.#.....######### ...#
######.#.##..# ..##
##########.#.....# ###
#..........###...#
#.#........#.....#
########.#....###.#...###########


You could see Pikel.

Vanquished Creatures
  2 adders
  A dart slug (D:4)
  2 orcs
  An endoplasm (D:3)
  7 goblins
  A hobgoblin (D:1)
  A jackal (D:1)
  2 quokkas
  2 ball pythons
  5 bats
  4 frilled lizards
  4 kobolds
  3 rats
35 creatures vanquished.

Vanquished Creatures (collateral kills)
  A lemure (D:4)
  A howler monkey (D:4)
  An orc wizard (D:3)
  2 adders
  4 gnolls (D:2)
  4 worms
  4 orcs
  2 endoplasms
  A giant cockroach (D:1)
  A hobgoblin (D:4)
  5 jackals
  2 quokkas (D:1)
  3 ball pythons
  A kobold (D:1)
  A rat (D:1)
33 creatures vanquished.

Grand Total: 68 creatures vanquished

Notes
Turn   | Place    | Note
-------+----------+-------------------------------------------
     0 | D:1      | ChadusMaximus the Human Summoner began the quest for the
                  | Orb.
     0 | D:1      | Reached XP level 1. HP: 13/13 MP: 3/3
   237 | D:1      | Reached XP level 2. HP: 8/19 MP: 3/5
  2094 | D:2      | Reached XP level 3. HP: 12/24 MP: 2/6
  2098 | D:2      | Learned a level 3 spell: Call Canine Familiar
  2101 | D:2      | Learned a level 2 spell: Call Imp
  2856 | D:2      | Reached XP level 4. HP: 24/27 MP: 7/7
  3068 | D:2      | Found a faded altar of an unknown god.
  3553 | D:2      | Reached skill level 5 in Summonings
  3962 | D:3      | Found a burning altar of Makhleb.
  3964 | D:3      | Noticed a cacodemon
  3969 | D:3      | Noticed an orange demon
  3969 | D:3      | Noticed a hellwing
  3994 | D:3      | Found the +3 woodcutter's axe {vorpal}
  4001 | D:3      | Found a hazy altar of Hepliaklqana.
  4002 | D:3      | Found a faded altar of an unknown god.
  4019 | D:3      | Reached XP level 5. HP: 10/35 MP: 6/9
  5514 | D:4      | Reached XP level 6. HP: 36/41 MP: 6/11
  5595 | D:4      | Reached skill level 6 in Summonings
  5650 | D:4      | Noticed Pikel
  5973 | D:4      | Learned a level 4 spell: Summon Lightning Spire
  6133 | D:3      | Slain by Pikel

Illustrated notes

Levels and vault maps discovered:
D:1:      minmay_arrival_glassed_features, layout_basic
D:2:      minmay_door_path, layout_basic,
          shapermc_ecumenical_altar_starsandcircs, nicolae_elevator_lobby_plus
D:3:      layout_basic, makhleb_altar_promises_db,
          beargit_hepliaklqana_dungeon_heroes, chequers_serial_rivers_marsh,
          amcnicky_mini_corridor_feature, amcnicky_mini_pool_small
D:4:      layout_basic, uniq_blork_the_orc, uniq_pikel

Skill      XL: |  1  2  3  4  5  6 |
---------------+-------------------+-----
Summonings     | 5 6 |  6.0
Spellcasting   | 3 |  3.4
Dodging        | |  2.1
Stealth        | |  2.1

Action                   |  1- 3 |  4- 6 || total
-------------------------+-------+-------++-------
Melee: Unarmed           |    12 |       ||    12
       Trident           |    45 |    97 ||   142
       Short sword       |    14 |       ||    14
 Cast: Summon Small Mamm |    20 |     7 ||    27
       Call Canine Famil |     3 |    19 ||    22
       Call Imp          |       |     5 ||     5
  Use: Scroll            |       |     3 ||     3
 Stab: Sleeping          |     9 |     6 ||    15
Armor: Robe              |    23 |    15 ||    38
Dodge: Dodged            |    65 |    56 ||   121
